AoeStats
← YouMa

Lombardia

508276592Analyzed
4v4 RM · 9d ago on Sep 21, 2026· 48m 48s· 8 players
Game mode
Random Map
Map size
Large (8 player)
Population
200
Speed
Normal
Resources
Standard
Victory
Conquest
Starting age
Dark Age
Ending age
Imperial Age
RankedLock teamsTeams togetherTeam positionsShared explorationLock speedFull tech treeHidden civsTurbo modeCheats
Victory
Defeat
🇪🇸 Celts · Spain
970
+15
🇪🇸 Goths · Spain
946
+16
🇪🇸 Franks · Spain
881
+18
🇳🇱 Romans · Netherlands
877
+19
🇩🇪 Armenians · Germany
1040
-22
🇩🇪 Malay · Germany
949
-17
🇩🇪 Franks · Germany
899
-15
🇩🇪 Hindustanis · Germany
859
-14
ApeteceMuchoNené
11:48 Feudal Age
12:24 Double-Bit Axe
19:13 Castle Age
18:50 Gold Mining
18:55 Stone Mining
22:51 Gold Shaft Mining
26:58 Forging
26:49 Scale Mail Armor
26:16 Pikeman
26:42 Gambesons
27:30 Squires
27:15 Arson
28:25 Iron Casting
31:09 Chain Mail Armor
32:36 Bow Saw
43:50 Imperial Age
45:22 Chivalry
45:44 Conscription
46:26 Wheelbarrow
45:37 Loom
Rad el Bárbaro
9:31 Feudal Age
12:06 Horse Collar
12:14 Double-Bit Axe
13:50 Loom
18:24 Castle Age
20:52 Bow Saw
21:36 Town Watch
24:12 Town Patrol
24:51 Wheelbarrow
26:45 Pikeman
33:15 Ballistics
33:30 Scale Mail Armor
34:52 Squires
37:12 Man-at-Arms
44:04 Imperial Age
41:53 Hand Cart
45:51 Chain Mail Armor
45:46 Forging
48:37 Chemistry
SupremeSEITAN
5:44 Loom
11:47 Feudal Age
17:06 Castle Age
14:54 Double-Bit Axe
17:04 Wheelbarrow
22:28 Ballistics
44:23 Bow Saw
49:04 Gold Mining
49:33 Hand Cart
paingemBN
10:58 Feudal Age
9:13 Loom
15:19 Castle Age
14:37 Double-Bit Axe
15:29 Horse Collar
18:05 Wheelbarrow
21:23 Scale Mail Armor
24:38 Forging
27:35 Bow Saw
28:08 Chain Mail Armor
28:11 Heavy Plow
29:22 Iron Casting
37:49 Imperial Age
35:58 Squires
37:22 Hand Cart
39:54 Blast Furnace
39:23 Fletching
40:45 Elite Huskarl
Bronko
11:39 Feudal Age
11:47 Feudal Age
12:12 Loom
16:28 Castle Age
16:59 Horse Collar
17:06 Double-Bit Axe
19:42 Stone Mining
20:00 Squires
23:32 Scale Mail Armor
25:23 Forging
26:19 Fletching
28:23 Bow Saw
29:50 Bodkin Arrow
30:42 Ballistics
45:50 Heavy Plow
YouMa
11:16 Feudal Age
15:41 Castle Age
16:30 Double-Bit Axe
22:26 Bow Saw
21:59 Horse Collar
23:49 Gold Mining
24:04 Heavy Plow
27:10 Loom
32:07 Scale Barding Armor
32:04 Murder Holes
33:07 Gold Shaft Mining
45:56 Imperial Age
46:07 Onager
46:27 Light Cavalry
47:18 Bloodlines
Oligodentrocyt[Mu$ho]
12:06 Feudal Age
16:47 Castle Age
20:21 Husbandry
22:06 Scale Barding Armor
23:11 Forging
46:17 Light Cavalry
ZorroII
5:56 Loom
10:02 Feudal Age
17:33 Castle Age
17:08 Wheelbarrow
16:22 Double-Bit Axe
17:46 Gold Mining
18:41 Pikeman
22:20 Bow Saw
25:26 Forging
25:25 Scale Barding Armor
28:43 Scale Mail Armor
29:19 Iron Casting
28:58 Arson
32:48 Light Cavalry
Connection lost

Rejoining the realm…

Still unreachable

The connection could not be restored.

Session expired

The server has moved on; the page needs a fresh start.